 Dungeon Crawl Stone Soup version 0.30.1 (webtiles) character file.

Game seed: 6896281042373390481

1144 Graphine the Covered (level 8, -6/93 HPs)
             Began as a Barachi Fighter on July 12, 2023.
             Mangled by Duvessa
             ... wielding a +0 short sword
              (7 damage)
             ... on level 5 of the Dungeon.
             The game lasted 00:12:28 (4254 turns).

Graphine the Covered (Barachi Fighter)              Turns: 4254, Time: 00:12:28

Health: -6/93      AC: 24    Str: 17    XL:     8   Next: 37%
Magic:  0/12       EV:  2    Int: 14    God:
Gold:   237        SH:  5    Dex: 12    Spells: 13/13 levels left

rFire   . . .        g - staff of air
rCold   . . .        c - +0 buckler
rNeg    . . .        p - melded +3 ring mail
rPois   +            (helmet currently unavailable)
rElec   +            h - melded +0 cloak
rCorr   +            e - melded +0 pair of gloves
SInv    .            (boots currently unavailable)
Will    .....        m - amulet of guardian spirit
Stlth   +            q - ring "Lesoolah" {rCorr Int+3}
HPRegen 0.35/turn    (no ring)
MPRegen 0.13/turn

%: guardian spirit
@: lit by a corona, tree-form, hasted, glowing, very quick
A: stationary, stasis, torment immunity, boosted hp, (amphibious), (slowness 1),
(strong legs 1), +LOS
a: no special abilities


You were on level 5 of the Dungeon.
You were a tree.
You visited 1 branch of the dungeon, and saw 5 of its levels.

You collected 237 gold pieces.

Inventory:

Hand Weapons
 a - a +0 flail
Armour
 c - a +0 buckler (worn)
 e - a +0 pair of gloves (melded)
 h - a +0 cloak (melded)
 p - a +3 ring mail (melded)
 r - the +3 ring mail of the Old and Reckless {rC+++ Str+2 Slay-4}
   (You took it off an orc on level 3 of the Dungeon)

   Str:       It affects your strength (+2).
   Slay:      It affects your accuracy & damage with ranged weapons and melee
   (-4).
   rC:        It renders you almost immune to cold.
Magical Staves
 g - a staff of air (weapon)
Jewellery
 m - an amulet of guardian spirit (around neck)
 q - the ring "Lesoolah" (left branch) {rCorr Int+3}
   (You took it off an orc on level 3 of the Dungeon)

   [ring of resist corrosion]

   Int:       It affects your intelligence (+3).
   rCorr:     It protects you from acid and corrosion.
Wands
 o - a wand of polymorph (1)
Scrolls
 f - 2 scrolls of poison
Potions
 n - a potion of mutation
 v - a potion of lignification


   Skills:
 + Level 5.3 Fighting
 - Level 2.3(3.2) Maces & Flails
 + Level 3.2(3.6) Staves
 + Level 5.3 Armour
 + Level 3.6 Dodging
 + Level 5.0 Shields
 + Level 3.2 Spellcasting
 + Level 3.4 Air Magic
 + Level 3.4 Evocations


You had 13 spell levels left.
You didn't know any spells.
Your spell library contained the following spells:

 Spells                   Type           Power      Damage    Failure   Level
 Portal Projectile        Hex/Tloc       4%         N/A       63%         3
 Tukima's Dance           Hex            2%         N/A       63%         3
 Blade Hands              Tmut           1%         N/A       100%        5


Dungeon Overview and Level Annotations

Branches:
Dungeon (5/15)
 Temple: D:4-7

Altars:
Ashenzari
Dithmenos
Sif Muna
Trog

Annotations:
D:5 Dowan, Duvessa


Innate Abilities, Weirdness & Mutations

You are a tree.
Your roots penetrate the ground, keeping you stationary.
You cannot be teleported.
You are immune to unholy pain and torment.
Your maximum health is greatly increased.
Your equipment is partially melded.
((You are amphibious.))
((You cover ground slowly.))
((You can hop short distances.))
You have an extended range of vision and can be seen from far away.


Message History

Okay, then.
Really quaff the potion of lignification?
You turn into a tree.
Your +0 cloak melds into your body.
Your +0 pair of gloves melds into your body.
Your +3 ring mail melds into your body.
Your roots penetrate the ground.
Duvessa hits you but does no damage.
You hit Duvessa but do no damage. You hit Duvessa.
Duvessa is lightly wounded.
Duvessa hits you but does no damage.
You barely miss Duvessa.
Duvessa is lightly wounded.
You are no longer glowing.
You block Duvessa's attack.
You hit Duvessa.
Duvessa is electrocuted.
Duvessa is lightly wounded.
The orc priest casts a cantrip, but nothing happens.
Dowan gestures at you while chanting.
The puff of frost hits you but does no damage.
You hit Duvessa but do no damage.
Duvessa is lightly wounded.
Duvessa hits you but does no damage. Dowan casts a spell at you.
The puff of flame hits you but does no damage.
You barely miss Duvessa.
Duvessa is lightly wounded.
Duvessa hits you with a +0 short sword.
* * * LOW HITPOINT WARNING * * *
You closely miss Duvessa.
Duvessa is lightly wounded.
You hit Duvessa.
Duvessa is moderately wounded.
Duvessa hits you but does no damage.
Dowan is engulfed in poison gas.
Dowan is poisoned.
Dowan gestures at you while chanting.
You are outlined in light.
You closely miss Duvessa.
Duvessa is moderately wounded.
Duvessa hits you with a +0 short sword!
You die...

#§######§.#.#...####
#§§§§☼§§#.#.#...#
#§☼§☼☼○§#.......#
#§○§§§§§###.#...#
#☼§§§☼○§# #.# ...
#○§○.☼☼§# #.# #.
#☼§☼e§§§# <# #
#§§§§§☼e#####§§.#.
#○☼§○§♣§'○oh☼§§...
##○§☼§§§######§...
########


You could see Duvessa, Dowan (poisoned), a hound and an orc priest.

Vanquished Creatures
  2 water moccasins (D:5)
  An ice beast (D:5)
  2 ogres (D:4)
  A phantom (D:5)
  3 scorpions
  A killer bee (D:3)
  2 hounds
  An orc priest (D:3)
  2 iguanas
  A sleepcap (D:5)
  2 orc wizards (D:3)
  4 adders
  An ufetubus (D:4)
  A worm (D:2)
  A dart slug (D:3)
  12 orcs
  9 bats
  9 endoplasms
  6 giant cockroaches
  8 goblins
  9 hobgoblins
  7 jackals
  8 kobolds
  9 quokkas
  9 ball pythons
  3 frilled lizards
  4 rats
118 creatures vanquished.

Notes
Turn   | Place    | Note
-------+----------+-------------------------------------------
     0 | D:1      | Graphine the Barachi Fighter began the quest for the Orb.
     0 | D:1      | Reached XP level 1. HP: 18/18 MP: 1/1
   115 | D:1      | Reached XP level 2. HP: 23/25 MP: 2/2
   426 | D:1      | Reached skill level 1 in Dodging
   523 | D:1      | Reached XP level 3. HP: 30/30 MP: 3/3
   796 | D:1      | Reached skill level 1 in Evocations
  1036 | D:2      | Reached XP level 4. HP: 30/37 MP: 5/5
  1161 | D:2      | Reached skill level 1 in Air Magic
  1594 | D:3      | Reached skill level 1 in Spellcasting
  1635 | D:3      | Reached skill level 1 in Staves
  1635 | D:3      | Reached XP level 5. HP: 10/42 MP: 0/6
  1807 | D:3      | Identified the +3 ring mail of the Old and Reckless {rC+++
                  | Str+2 Slay-4}
  1866 | D:3      | Identified the ring "Lesoolah" {rCorr Int+3}
  2329 | D:3      | Reached XP level 6. HP: 45/48 MP: 8/8
  2695 | D:3      | Found a shimmering blue altar of Sif Muna.
  2837 | D:4      | Found a shadowy altar of Dithmenos.
  3011 | D:4      | Reached XP level 7. HP: 15/55 MP: 3/10
  3621 | D:4      | Found a bloodstained altar of Trog.
  3691 | D:4      | Found a broken altar of Ashenzari.
  3856 | D:5      | Entered Level 5 of the Dungeon
  4004 | D:5      | Reached skill level 5 in Fighting
  4004 | D:5      | Reached skill level 5 in Armour
  4021 | D:5      | Reached XP level 8. HP: 38/62 MP: 8/12
  4184 | D:5      | Noticed Dowan
  4203 | D:5      | Reached skill level 5 in Shields
  4211 | D:5      | Noticed Duvessa
  4243 | D:5      | HP: 1/62 [orc priest/divine providence (8)]
  4251 | D:5      | HP: 1/93 [Duvessa/+0 short sword (3)]
  4254 | D:5      | Mangled by Duvessa

Illustrated notes

Levels and vault maps discovered:
D:1:      scummos_arrival_checkerplants, layout_loops_cross
D:2:      layout_rooms
D:3:      wad_river_or_something, layout_loops_ring, lemuel_blue_sif_altar
D:4:      layout_loops_cross, nicolae_ashenzari_skybound,
          overflow_temple_1_default, nicolae_dithmenos_shadow_blocks,
          kennysheep_generic_room_12
D:5:      layout_basic, uniq_duvessa

Skill      XL: |  1  2  3  4  5  6  7  8 |
---------------+-------------------------+-----
Dodging        | 1 2 3 |  3.6
Evocations     | 1 2 3 |  3.4
Fighting       | 4 5 |  5.3
Air Magic      | 1 2 3 |  3.4
Armour         | 4 5 |  5.3
Spellcasting   | 1 2 3 |  3.2
Staves         | 1 2 3 |  3.2
Shields        | 4 5 |  5.0
Maces & Flails | |  2.3

Action                     |  1- 3 |  4- 6 |  7- 9 || total
---------------------------+-------+-------+-------++-------
  Melee: Flail             |   130 |   205 |   114 ||   449
         Staff             |    44 |    80 |    72 ||   196
  Evoke: Wand              |       |     3 |     2 ||     5
    Use: Scroll            |     3 |    10 |     2 ||    15
         Potion            |       |     6 |     7 ||    13
 Armour: Scale mail        |   114 |    10 |       ||   124
         Ring mail         |       |   178 |    56 ||   234
         Skin              |       |       |    34 ||    34
  Dodge: Dodged            |   101 |   169 |    85 ||   355
  Block: Buckler           |    47 |    87 |    47 ||   181
